Stars vs RedWings

Created - March 26, 2015 at 17:22

Goals
1 2 3 T
Stars 2 0 3 5
RedWings 0 1 0 1
Shots
1 2 3 T
Stars 9 16 10 35
RedWings 9 9 8 26

1st period

1. Stars , Alec Martinez 13 (Evgeni Malkin, Brandon Dubinsky) at 17:25 (PP)
2. Stars , Brenden Dillon 5 (Evgeni Malkin, Tyler Seguin) at 19:59

Penalties :
Travis Hamonic (DAL) for Holding (Minor) at 7:40, Sean Bergenheim (DET) for Interference (Minor) at 11:08, Jake Gardiner (DET) for Slashing (Minor) at 11:32, Brandon Dubinsky (DAL) for Goalie Interference (Minor) at 12:46, David Backes (DAL) for Cross-checking (Minor) at 13:37, Jake Gardiner (DET) for Elbowing (Minor) at 16:55

2nd period

3. RedWings , Loui Eriksson 25 (Alexandre Burrows, Mikhail Grabovski) at 14:06

Penalties :
Alexandre Burrows (DET) for Hooking (Minor) at 5:40, Tuomo Ruutu (DET) for Hooking (Minor) at 8:44

3rd period

4. Stars , Evgeni Malkin 23 (Travis Hamonic) at 6:59
5. Stars , Evgeni Malkin 24 (Gabriel Landeskog, Tyler Seguin) at 16:06
6. Stars , Gabriel Landeskog 23 (Brenden Dillon, Travis Hamonic) at 17:54 (SH)

Penalties :
Mark Fraser (DET) for Roughing (Minor) at 0:11, Jarome Iginla (DAL) for Hooking (Minor) at 10:38, Zdeno Chara (DAL) for Tripping (Minor) at 16:25, Jamie McBain (DET) for Hooking (Minor) at 18:58

Goalie Stats

Semyon Varlamov (DAL), 25 saves from 26 shots - (0.962), W, 35-20-6, 60:00 minutes
John Gibson (DET), 5 saves from 5 shots - (1.000), 11:34 minutes
Roberto Luongo (DET), 25 saves from 30 shots - (0.833), L, 23-19-4, 48:26 minutes

Players Stats for Stars

Player Name              G  A  P  +/- PIM S  H  SB GA TA FO     MP     PP MP  PK MP  
------------------------------------------------------------------------------------
Alec Martinez            1  0  1   0  0   2  0  0  0  0  0/0    10:18   4:14   0:00 
Andy Greene              0  0  0  -1  0   1  0  0  0  0  0/0    17:33   0:39   3:14 
Brandon Dubinsky         0  1  1   0  2   2  2  0  0  0  0/0    20:16   4:51   0:51 
Brenden Dillon           1  1  2   3  0   1  0  1  0  0  0/0    11:49   0:00   1:56 
Christopher Higgins      0  0  0   0  0   1  1  0  0  0  0/3    14:04   0:00   4:20 
David Backes             0  0  0   0  2   2  3  0  0  0  17/23  18:02   0:00   3:28 
Eric Staal               0  0  0   1  0   0  0  1  0  0  3/4    21:57   4:14   3:35 
Evgeni Malkin            2  2  4   2  0   2  0  0  0  0  16/30  19:02   4:52   0:00 
Gabriel Landeskog        1  1  2   3  0   3  5  1  0  0  0/1    15:59   0:00   2:34 
Jarome Iginla            0  0  0   0  2   2  7  0  0  0  0/1    18:21   4:14   0:00 
Jarret Stoll             0  0  0   0  0   0  0  0  0  0  0/0     4:57   0:00   0:07 
Jason Spezza             0  0  0   0  0   4  0  1  0  0  13/19  18:22   4:14   0:00 
John Erskine             0  0  0   0  0   0  1  0  0  0  0/0     6:04   0:00   0:00 
Shea Weber               0  0  0  -1  0   4  2  0  0  0  0/0    21:46   4:52   3:14 
Travis Hamonic           0  2  2   3  2   1  0  0  0  0  0/0    17:51   0:00   3:27 
Tyler Seguin             0  2  2   2  0   6  0  0  0  0  0/2    19:02   4:52   0:00 
Vyacheslav Voynov        0  0  0   1  0   1  0  1  0  0  0/0    13:29   4:13   0:33 
Zdeno Chara              0  0  0   1  2   3  1  1  0  0  0/0    21:08   4:14   3:40 

Players Stats for RedWings

Player Name              G  A  P  +/- PIM S  H  SB GA TA FO     MP     PP MP  PK MP  
------------------------------------------------------------------------------------
Alexandre Burrows        0  1  1  -1  2   2  1  0  0  0  1/1    14:56   5:00   1:54 
Andrew Cogliano          0  0  0  -1  0   1  0  1  0  0  5/13   18:18   3:02   5:41 
Chris Summers            0  0  0  -1  0   2  0  2  0  0  0/0    13:49   0:00   0:05 
Eric Brewer              0  0  0   0  0   1  1  1  0  0  0/0    14:45   3:54   5:26 
Eric Gryba               0  0  0   0  0   1  1  0  0  0  0/0    11:11   0:00   5:46 
Erik Haula               0  0  0  -1  0   1  1  1  0  0  7/21   18:13   0:00   2:17 
Hal Gill                 0  0  0   0  0   0  0  2  0  0  0/0    12:39   0:00   0:00 
Jake Gardiner            0  0  0  -2  4   1  2  0  0  0  0/0    17:39   4:08   3:13 
Jamie McBain             0  0  0   0  2   3  0  0  0  0  0/0    13:02   0:00   0:00 
Loui Eriksson            1  0  1  -1  0   1  0  1  0  0  1/1    19:07   5:00   4:52 
Mark Fraser              0  0  0  -1  2   3  4  0  0  0  0/0    18:01   3:54   0:00 
Mikhail Grabovski        0  1  1  -1  0   3  0  0  0  0  11/19  16:56   0:00   0:00 
Paul Martin              0  0  0  -2  0   0  0  2  0  0  0/0    18:50   4:08   4:23 
Sam Gagner               0  0  0  -1  0   1  1  0  0  0  3/9    22:11   3:02   1:49 
Sean Bergenheim          0  0  0   0  2   0  1  0  0  0  0/0     8:32   0:00   0:00 
Sean Monahan             0  0  0  -1  0   0  0  0  0  0  4/16   13:33   5:00   0:00 
Tuomo Ruutu              0  0  0  -1  2   1  7  0  0  0  1/2    20:49   3:02   0:46 
Ville Leino              0  0  0  -1  0   5  0  0  0  0  1/1    15:56   0:00   0:00 

3 Stars

1 - Evgeni Malkin (DAL)
2 - Gabriel Landeskog (DAL)
3 - Brenden Dillon (DAL)

Power Play

Stars - 1 on 7 Attempt(s) - 14.29%
RedWings - 0 on 5 Attempt(s) - 0.00%

Penalty Kill

Stars - 5 on 5 Attempt(s) - 100.00% - Score 1 goal in Penalty Kill
RedWings - 6 on 7 Attempt(s) - 85.71% - Score 0 goal in Penalty Kill

Team Stat

Stars - Hits : 22 - Faceoff Wins : 49 - Blocked Shots : 6 - Penalty Minutes : 10
RedWings - Hits : 19 - Faceoff Wins : 34 - Blocked Shots : 10 - Penalty Minutes : 14

Official

Referees : Mike Leggo and Stephen Walkom
Linesman : Greg Devorski and Steve Barton

Game Notes

John Gibson is injured at 11:34 of 1st period (Bruised Left Arm)
Roberto Luongo enters game at 11:34 of 1st period
Vyacheslav Voynov is injured at 9:17 of 3rd period (Strained Right Elbow)

Finance

Level 1 -- Attendance: 6354 (97.75%) -- Ticket Income $476,550
Level 2 -- Attendance: 5000 (100.00%) -- Ticket Income $250,000
Level 3 -- Attendance: 3500 (100.00%) -- Ticket Income $105,000
Level 4 -- Attendance: 3132 (77.03%) -- Ticket Income $62,640
Luxury Box -- Attendance: 1000 (100.00%) -- Ticket Income $150,000
Game was played at the Joe Louis Arena'
Total Attendance: 18986 (94.62%)
Total Ticket Income: $1,044,190
Other Income: $156,628
Total Income: $1,200,818

% Time on Ice - Stars

Lines # - Real PCT - Wanted PCT - Time Play
Normal Forward
1 - 34% - 33% - 14:08
2 - 32% - 32% - 13:25
3 - 23% - 25% - 9:44
4 - 11% - 10% - 4:50
Normal Defense
1 - 32% - 34% - 13:40
2 - 30% - 34% - 12:30
3 - 23% - 20% - 9:53
4 - 14% - 12% - 6:04
PP Forward
1 - 53% - 58% - 4:52
2 - 47% - 42% - 4:14
PP Defense
1 - 53% - 55% - 4:52
2 - 47% - 45% - 4:14
PK Forward
1 - 63% - 55% - 4:20
2 - 37% - 45% - 2:34
PK Defense
1 - 64% - 58% - 4:24
2 - 36% - 42% - 2:30
PK3 Forward
1 - 100% - 56% - 1:08
2 - 0% - 44% - 0:00
PK3 Defense
1 - 35% - 60% - 0:24
2 - 65% - 40% - 0:44
44 Forward
1 - 100% - 60% - 0:45
2 - 0% - 40% - 0:00
44 Defense
1 - 0% - 60% - 0:00
2 - 100% - 40% - 0:45
Last Minute Offensive  - 0:00
Last Minute Defensive  - 0:00
Total
Forward - 60:00
Defense - 60:00

% Time on Ice - RedWings

Lines # - Real PCT - Wanted PCT - Time Play
Normal Forward
1 - 38% - 45% - 15:56
2 - 23% - 35% - 9:35
3 - 19% - 15% - 8:03
4 - 20% - 5% - 8:33
Normal Defense
1 - 33% - 40% - 13:44
2 - 30% - 30% - 12:39
3 - 24% - 20% - 10:19
4 - 13% - 10% - 5:25
PP Forward
1 - 62% - 60% - 5:00
2 - 38% - 40% - 3:02
PP Defense
1 - 51% - 60% - 4:08
2 - 49% - 40% - 3:54
PK Forward
1 - 77% - 60% - 6:03
2 - 23% - 40% - 1:49
PK Defense
1 - 59% - 60% - 4:38
2 - 41% - 40% - 3:14
PK3 Forward
1 - 81% - 60% - 1:17
2 - 19% - 40% - 0:18
PK3 Defense
1 - 78% - 60% - 1:14
2 - 22% - 40% - 0:21
44 Forward
1 - 100% - 60% - 0:24
2 - 0% - 40% - 0:00
44 Defense
1 - 0% - 60% - 0:00
2 - 100% - 40% - 0:24
Last Minute Offensive  - 0:00
Last Minute Defensive  - 0:00
Total
Forward - 60:00
Defense - 60:00

Play by Play

1st period


0:01 of 1st period - Jason Spezza wins face-off versus Erik Haula in neutral zone.
0:19 of 1st period - Andy Greene is hit by Tuomo Ruutu and loses puck.
0:28 of 1st period - Shot by Jason Spezza.
0:28 of 1st period - Deflect By Jarome Iginla.
0:28 of 1st period - Stopped by John Gibson without a rebound.
0:29 of 1st period - Mikhail Grabovski wins face-off versus Evgeni Malkin in RedWings zone.
1:03 of 1st period - Icing by Sam Gagner.
1:04 of 1st period - Mikhail Grabovski wins face-off versus Christopher Higgins in RedWings zone.
1:04 of 1st period - Mikhail Grabovski is hit by David Backes.
1:18 of 1st period - Shot by Brandon Dubinsky.
1:18 of 1st period - Stopped by John Gibson with a rebound.
2:06 of 1st period - Icing by David Backes.
2:07 of 1st period - David Backes wins face-off versus Mikhail Grabovski in Stars zone.
2:13 of 1st period - Icing by Brenden Dillon.
2:14 of 1st period - David Backes wins face-off versus Sean Monahan in Stars zone.
3:11 of 1st period - Icing by Jarome Iginla.
3:12 of 1st period - Eric Staal wins face-off versus Erik Haula in Stars zone.
3:22 of 1st period - Icing by Eric Gryba.
3:23 of 1st period - Erik Haula wins face-off versus Evgeni Malkin in RedWings zone.
4:05 of 1st period - Shot by Tyler Seguin.
4:05 of 1st period - Shot Misses the Net.
4:07 of 1st period - Shot by Tyler Seguin.
4:07 of 1st period - Shot Misses the Net.
4:09 of 1st period - Shot by Travis Hamonic.
4:09 of 1st period - Stopped by John Gibson with a rebound.
4:11 of 1st period - Shot by Zdeno Chara.
4:11 of 1st period - Stopped by John Gibson with a rebound.
4:58 of 1st period - Shot by Jamie McBain.
4:58 of 1st period - Stopped by Semyon Varlamov with a rebound.
5:00 of 1st period - Shot by Mikhail Grabovski.
5:00 of 1st period - Deflect By Sam Gagner.
5:00 of 1st period - Shot Blocked by Eric Staal.
5:24 of 1st period - Shot by Mikhail Grabovski.
5:24 of 1st period - Stopped by Semyon Varlamov without a rebound.
5:25 of 1st period - Mikhail Grabovski wins face-off versus David Backes in Stars zone.
5:25 of 1st period - Mark Fraser is hit by Shea Weber and loses puck.
5:30 of 1st period - Shot by Chris Summers.
5:30 of 1st period - Stopped by Semyon Varlamov without a rebound.
5:31 of 1st period - David Backes wins face-off versus Sean Monahan in Stars zone.
5:31 of 1st period - David Backes is hit by Sean Bergenheim.
6:26 of 1st period - Shot by Mikhail Grabovski.
6:26 of 1st period - Stopped by Semyon Varlamov without a rebound.
6:27 of 1st period - Evgeni Malkin wins face-off versus Mikhail Grabovski in Stars zone.
6:39 of 1st period - Shot by Mikhail Grabovski.
6:39 of 1st period - Stopped by Semyon Varlamov without a rebound.
6:40 of 1st period - Jason Spezza wins face-off versus Erik Haula in Stars zone.
7:00 of 1st period - Icing by Paul Martin.
7:01 of 1st period - Evgeni Malkin wins face-off versus Erik Haula in RedWings zone.
7:09 of 1st period - Icing by Paul Martin.
7:10 of 1st period - Evgeni Malkin wins face-off versus Erik Haula in RedWings zone.
7:40 of 1st period - Minor Penalty to Travis Hamonic for Holding.
7:41 of 1st period - David Backes wins face-off versus Sean Monahan in Stars zone.
7:52 of 1st period - Shot by Eric Brewer.
7:52 of 1st period - Shot Misses the Net.
7:59 of 1st period - Icing by Eric Brewer.
8:00 of 1st period - Alexandre Burrows wins face-off versus Christopher Higgins in RedWings zone.
8:04 of 1st period - Off-side.
8:05 of 1st period - Sam Gagner wins face-off versus Christopher Higgins in neutral zone.
8:07 of 1st period - Off-side.
8:08 of 1st period - David Backes wins face-off versus Sean Monahan in neutral zone.
9:39 of 1st period - Shot by Mark Fraser.
9:39 of 1st period - Stopped by Semyon Varlamov without a rebound.
9:40 of 1st period - David Backes wins face-off versus Erik Haula in Stars zone.
10:06 of 1st period - Icing by Shea Weber.
10:07 of 1st period - David Backes wins face-off versus Mikhail Grabovski in Stars zone.
11:07 of 1st period - Shot by Chris Summers.
11:07 of 1st period - Stopped by Semyon Varlamov without a rebound.
11:08 of 1st period - Evgeni Malkin wins face-off versus Sean Monahan in Stars zone.
11:08 of 1st period - Minor Penalty to Sean Bergenheim for Interference.
11:09 of 1st period - Andrew Cogliano wins face-off versus Jarome Iginla in RedWings zone.
11:09 of 1st period - Andrew Cogliano is hit by Jarome Iginla.
11:32 of 1st period - Minor Penalty to Jake Gardiner for Slashing.
11:33 of 1st period - Evgeni Malkin wins face-off versus Erik Haula in RedWings zone.
11:34 of 1st period - Shot by Tyler Seguin.
11:34 of 1st period - Stopped by John Gibson without a rebound.
11:34 of 1st period - John Gibson from RedWings is injured at 11:34 of 1st period (Bruised Left Arm).
11:34 of 1st period - Roberto Luongo enters game.
11:35 of 1st period - Jason Spezza wins face-off versus Erik Haula in RedWings zone.
11:58 of 1st period - Shot by Jason Spezza.
11:58 of 1st period - Stopped by Roberto Luongo without a rebound.
11:59 of 1st period - Erik Haula wins face-off versus Evgeni Malkin in RedWings zone.
12:28 of 1st period - Shot by Vyacheslav Voynov.
12:28 of 1st period - Shot Blocked by Paul Martin.
12:46 of 1st period - Minor Penalty to Brandon Dubinsky for Goalie Interference.
12:47 of 1st period - Evgeni Malkin wins face-off versus Erik Haula in Stars zone.
13:37 of 1st period - Minor Penalty to David Backes for Cross-checking.
13:38 of 1st period - Sam Gagner wins face-off versus Eric Staal in Stars zone.
13:43 of 1st period - Shot by Sam Gagner.
13:43 of 1st period - Shot Misses the Net.
15:27 of 1st period - Shot by Brandon Dubinsky.
15:27 of 1st period - Shot Misses the Net.
15:47 of 1st period - Shot by Andrew Cogliano.
15:47 of 1st period - Stopped by Semyon Varlamov with a rebound.
16:06 of 1st period - Andrew Cogliano is hit by Gabriel Landeskog.
16:20 of 1st period - Off-side.
16:21 of 1st period - Erik Haula wins face-off versus Jason Spezza in neutral zone.
16:21 of 1st period - Erik Haula is hit by Jarome Iginla.
16:34 of 1st period - Andy Greene is hit by Jake Gardiner.
16:55 of 1st period - Minor Penalty to Jake Gardiner for Elbowing.
16:56 of 1st period - Andrew Cogliano wins face-off versus Evgeni Malkin in RedWings zone.
17:17 of 1st period - Shot by Zdeno Chara.
17:17 of 1st period - Stopped by Roberto Luongo with a rebound.
17:19 of 1st period - Shot by Alec Martinez.
17:19 of 1st period - Shot Misses the Net.
17:23 of 1st period - Shot by Evgeni Malkin.
17:23 of 1st period - Shot Blocked by Andrew Cogliano.
17:25 of 1st period - Shot by Alec Martinez.
17:25 of 1st period - Goal by Alec Martinez - Stars : 1 - RedWings : 0.
17:26 of 1st period - Jason Spezza wins face-off versus Sean Monahan in neutral zone.
17:43 of 1st period - Shot by Sam Gagner.
17:43 of 1st period - Shot Misses the Net.
17:52 of 1st period - Sam Gagner is hit by Shea Weber and loses puck.
18:28 of 1st period - David Backes is hit by Erik Haula and loses puck.
18:53 of 1st period - Shot by Ville Leino.
18:53 of 1st period - Stopped by Semyon Varlamov with a rebound.
18:55 of 1st period - Shot by Jamie McBain.
18:55 of 1st period - Shot Misses the Net.
19:02 of 1st period - Icing by Travis Hamonic.
19:03 of 1st period - David Backes wins face-off versus Mikhail Grabovski in Stars zone.
19:57 of 1st period - Shot by Evgeni Malkin.
19:57 of 1st period - Shot Misses the Net.
19:59 of 1st period - Shot by Brenden Dillon.
19:59 of 1st period - Goal by Brenden Dillon - Stars : 2 - RedWings : 0.
Goals for this period are 2 for Stars vs 0 for RedWings.
Shots for this period are 9 for Stars vs 9 for RedWings.

2nd period


0:01 of 2nd period - Evgeni Malkin wins face-off versus Sam Gagner in neutral zone.
0:01 of 2nd period - Travis Hamonic is hit by Sam Gagner and loses puck.
0:06 of 2nd period - Mikhail Grabovski is hit by Gabriel Landeskog and loses puck.
0:55 of 2nd period - Icing by Mark Fraser.
0:56 of 2nd period - Jason Spezza wins face-off versus Mikhail Grabovski in RedWings zone.
0:57 of 2nd period - Shot by Jarome Iginla.
0:57 of 2nd period - Shot Blocked by Chris Summers.
1:18 of 2nd period - Andy Greene is hit by Mark Fraser.
1:49 of 2nd period - Mark Fraser is hit by Jarome Iginla and loses puck.
2:33 of 2nd period - Shot by Brandon Dubinsky.
2:33 of 2nd period - Shot Misses the Net.
3:10 of 2nd period - Shot by Tyler Seguin.
3:10 of 2nd period - Stopped by Roberto Luongo with a rebound.
3:17 of 2nd period - Off-side.
3:18 of 2nd period - Jason Spezza wins face-off versus Erik Haula in neutral zone.
3:25 of 2nd period - Shot by Jarome Iginla.
3:25 of 2nd period - Stopped by Roberto Luongo without a rebound.
3:26 of 2nd period - Erik Haula wins face-off versus Jason Spezza in RedWings zone.
3:26 of 2nd period - Jamie McBain is hit by Jarome Iginla and loses puck.
3:39 of 2nd period - Shea Weber is hit by Tuomo Ruutu and loses puck.
3:48 of 2nd period - Shot by Ville Leino.
3:48 of 2nd period - Deflect By Erik Haula.
3:48 of 2nd period - Shot Misses the Net.
3:50 of 2nd period - Shot by Jamie McBain.
3:50 of 2nd period - Stopped by Semyon Varlamov with a rebound.
3:52 of 2nd period - Shot by Erik Haula.
3:52 of 2nd period - Deflect By Ville Leino.
3:52 of 2nd period - Shot Misses the Net.
3:54 of 2nd period - Shot by Tuomo Ruutu.
3:54 of 2nd period - Stopped by Semyon Varlamov without a rebound.
3:55 of 2nd period - Erik Haula wins face-off versus Evgeni Malkin in Stars zone.
3:58 of 2nd period - Shot by Tuomo Ruutu.
3:58 of 2nd period - Deflect By Ville Leino.
3:58 of 2nd period - Stopped by Semyon Varlamov without a rebound.
3:59 of 2nd period - Erik Haula wins face-off versus Evgeni Malkin in Stars zone.
3:59 of 2nd period - Erik Haula is hit by Zdeno Chara.
4:05 of 2nd period - Shot by Ville Leino.
4:05 of 2nd period - Stopped by Semyon Varlamov without a rebound.
4:06 of 2nd period - Ville Leino wins face-off versus Gabriel Landeskog in Stars zone.
4:12 of 2nd period - Icing by Zdeno Chara.
4:13 of 2nd period - Evgeni Malkin wins face-off versus Erik Haula in Stars zone.
4:24 of 2nd period - Shot by Gabriel Landeskog.
4:24 of 2nd period - Shot Blocked by Hal Gill.
4:46 of 2nd period - Shot by Evgeni Malkin.
4:46 of 2nd period - Shot Misses the Net.
4:48 of 2nd period - Shot by Tyler Seguin.
4:48 of 2nd period - Stopped by Roberto Luongo without a rebound.
4:49 of 2nd period - Jason Spezza wins face-off versus Sean Monahan in RedWings zone.
5:40 of 2nd period - Minor Penalty to Alexandre Burrows for Hooking.
5:41 of 2nd period - Andrew Cogliano wins face-off versus Tyler Seguin in RedWings zone.
6:22 of 2nd period - Icing by Evgeni Malkin.
6:23 of 2nd period - Evgeni Malkin wins face-off versus Andrew Cogliano in Stars zone.
6:56 of 2nd period - Shot by Shea Weber.
6:56 of 2nd period - Stopped by Roberto Luongo without a rebound.
6:57 of 2nd period - Tuomo Ruutu wins face-off versus Jason Spezza in RedWings zone.
6:57 of 2nd period - Tuomo Ruutu is hit by Jarome Iginla.
7:19 of 2nd period - Shot by Shea Weber.
7:19 of 2nd period - Shot Misses the Net.
7:35 of 2nd period - Shot by Shea Weber.
7:35 of 2nd period - Shot Blocked by Paul Martin.
7:55 of 2nd period - Off-side.
7:56 of 2nd period - Evgeni Malkin wins face-off versus Mikhail Grabovski in neutral zone.
8:44 of 2nd period - Minor Penalty to Tuomo Ruutu for Hooking.
8:45 of 2nd period - Jason Spezza wins face-off versus Andrew Cogliano in RedWings zone.
8:46 of 2nd period - Shot by Shea Weber.
8:46 of 2nd period - Shot Misses the Net.
9:24 of 2nd period - Shot by Shea Weber.
9:24 of 2nd period - Shot Misses the Net.
9:52 of 2nd period - Alexandre Burrows is hit by Brandon Dubinsky and loses puck.
10:09 of 2nd period - Shot by Alec Martinez.
10:09 of 2nd period - Stopped by Roberto Luongo without a rebound.
10:10 of 2nd period - Jason Spezza wins face-off versus Andrew Cogliano in RedWings zone.
10:16 of 2nd period - Jason Spezza is hit by Eric Brewer and loses puck.
10:19 of 2nd period - Shot by Shea Weber.
10:19 of 2nd period - Stopped by Roberto Luongo without a rebound.
10:20 of 2nd period - Evgeni Malkin wins face-off versus Sam Gagner in RedWings zone.
10:30 of 2nd period - Shot by Zdeno Chara.
10:30 of 2nd period - Stopped by Roberto Luongo without a rebound.
10:31 of 2nd period - Jason Spezza wins face-off versus Andrew Cogliano in RedWings zone.
10:56 of 2nd period - Shot by Christopher Higgins.
10:56 of 2nd period - Stopped by Roberto Luongo without a rebound.
10:57 of 2nd period - Sean Monahan wins face-off versus Evgeni Malkin in RedWings zone.
11:18 of 2nd period - Shot by Tyler Seguin.
11:18 of 2nd period - Shot Misses the Net.
11:26 of 2nd period - Shot by Tyler Seguin.
11:26 of 2nd period - Stopped by Roberto Luongo with a rebound.
11:28 of 2nd period - Shot by Shea Weber.
11:28 of 2nd period - Stopped by Roberto Luongo without a rebound.
11:29 of 2nd period - Erik Haula wins face-off versus Jason Spezza in RedWings zone.
11:46 of 2nd period - Shot by Jason Spezza.
11:46 of 2nd period - Stopped by Roberto Luongo without a rebound.
11:47 of 2nd period - David Backes wins face-off versus Mikhail Grabovski in RedWings zone.
11:57 of 2nd period - Brandon Dubinsky is hit by Jake Gardiner and loses puck.
13:09 of 2nd period - Shot by Jason Spezza.
13:09 of 2nd period - Shot Blocked by Chris Summers.
13:11 of 2nd period - Shot by Zdeno Chara.
13:11 of 2nd period - Shot Misses the Net.
13:15 of 2nd period - Shot by Jason Spezza.
13:15 of 2nd period - Stopped by Roberto Luongo with a rebound.
13:17 of 2nd period - Shot by Eric Staal.
13:17 of 2nd period - Shot Misses the Net.
13:44 of 2nd period - Shot by Gabriel Landeskog.
13:44 of 2nd period - Stopped by Roberto Luongo without a rebound.
13:45 of 2nd period - Mikhail Grabovski wins face-off versus Evgeni Malkin in RedWings zone.
13:45 of 2nd period - Jamie McBain is hit by Gabriel Landeskog and loses puck.
14:04 of 2nd period - Shot by Alexandre Burrows.
14:04 of 2nd period - Stopped by Semyon Varlamov with a rebound.
14:06 of 2nd period - Shot by Alexandre Burrows.
14:06 of 2nd period - Deflect By Loui Eriksson.
14:06 of 2nd period - Goal by Loui Eriksson - Stars : 2 - RedWings : 1.
14:07 of 2nd period - David Backes wins face-off versus Sean Monahan in neutral zone.
14:28 of 2nd period - Shot by Sean Monahan.
14:28 of 2nd period - Shot Misses the Net.
14:30 of 2nd period - Shot by Eric Gryba.
14:30 of 2nd period - Stopped by Semyon Varlamov without a rebound.
14:31 of 2nd period - Jason Spezza wins face-off versus Erik Haula in Stars zone.
14:31 of 2nd period - Jason Spezza is hit by Tuomo Ruutu.
15:54 of 2nd period - Chris Summers is hit by Jarome Iginla and loses puck.
16:45 of 2nd period - Shot by Evgeni Malkin.
16:45 of 2nd period - Deflect By Tyler Seguin.
16:45 of 2nd period - Shot Misses the Net.
16:47 of 2nd period - Shot by Tyler Seguin.
16:47 of 2nd period - Shot Misses the Net.
16:49 of 2nd period - Shot by Andy Greene.
16:49 of 2nd period - Stopped by Roberto Luongo without a rebound.
16:50 of 2nd period - David Backes wins face-off versus Sean Monahan in RedWings zone.
17:03 of 2nd period - Shot by Brandon Dubinsky.
17:03 of 2nd period - Stopped by Roberto Luongo with a rebound.
17:15 of 2nd period - Shot by David Backes.
17:15 of 2nd period - Stopped by Roberto Luongo without a rebound.
17:16 of 2nd period - Mikhail Grabovski wins face-off versus Evgeni Malkin in RedWings zone.
17:21 of 2nd period - Shot by Alexandre Burrows.
17:21 of 2nd period - Stopped by Semyon Varlamov without a rebound.
17:22 of 2nd period - Mikhail Grabovski wins face-off versus Tyler Seguin in Stars zone.
17:25 of 2nd period - Shot by Mark Fraser.
17:25 of 2nd period - Stopped by Semyon Varlamov with a rebound.
17:46 of 2nd period - Icing by Mark Fraser.
17:47 of 2nd period - Loui Eriksson wins face-off versus David Backes in RedWings zone.
18:53 of 2nd period - Shot by Tuomo Ruutu.
18:53 of 2nd period - Shot Blocked by Brenden Dillon.
18:55 of 2nd period - Shot by Erik Haula.
18:55 of 2nd period - Shot Blocked by Vyacheslav Voynov.
18:57 of 2nd period - Shot by Jamie McBain.
18:57 of 2nd period - Shot Misses the Net.
Goals for this period are 0 for Stars vs 1 for RedWings.
Shots for this period are 16 for Stars vs 9 for RedWings.

3rd period


0:01 of 3rd period - Evgeni Malkin wins face-off versus Erik Haula in neutral zone.
0:01 of 3rd period - Zdeno Chara is hit by Tuomo Ruutu and loses puck.
0:05 of 3rd period - Zdeno Chara is hit by Mark Fraser and loses puck.
0:11 of 3rd period - Minor Penalty to Mark Fraser for Roughing.
0:12 of 3rd period - Evgeni Malkin wins face-off versus Andrew Cogliano in RedWings zone.
0:19 of 3rd period - Shot by Vyacheslav Voynov.
0:19 of 3rd period - Stopped by Roberto Luongo without a rebound.
0:20 of 3rd period - Evgeni Malkin wins face-off versus Andrew Cogliano in RedWings zone.
0:21 of 3rd period - Shot by Tyler Seguin.
0:21 of 3rd period - Shot Misses the Net.
0:28 of 3rd period - Icing by Evgeni Malkin.
0:29 of 3rd period - Andrew Cogliano wins face-off versus Evgeni Malkin in Stars zone.
0:54 of 3rd period - Shot by Tyler Seguin.
0:54 of 3rd period - Stopped by Roberto Luongo without a rebound.
0:55 of 3rd period - Eric Staal wins face-off versus Andrew Cogliano in RedWings zone.
0:55 of 3rd period - Jason Spezza is hit by Eric Gryba.
0:57 of 3rd period - Shot by Zdeno Chara.
0:57 of 3rd period - Shot Misses the Net.
1:25 of 3rd period - Shot by Paul Martin.
1:25 of 3rd period - Shot Blocked by Jason Spezza.
2:16 of 3rd period - Shot by Tuomo Ruutu.
2:16 of 3rd period - Shot Misses the Net.
2:18 of 3rd period - Shot by Ville Leino.
2:18 of 3rd period - Stopped by Semyon Varlamov without a rebound.
2:19 of 3rd period - Evgeni Malkin wins face-off versus Tuomo Ruutu in Stars zone.
2:19 of 3rd period - Evgeni Malkin is hit by Tuomo Ruutu.
2:24 of 3rd period - Vyacheslav Voynov is hit by Tuomo Ruutu and loses puck.
2:33 of 3rd period - Shot by Tyler Seguin.
2:33 of 3rd period - Stopped by Roberto Luongo without a rebound.
2:34 of 3rd period - Sean Monahan wins face-off versus David Backes in RedWings zone.
3:48 of 3rd period - Icing by Andy Greene.
3:49 of 3rd period - Jason Spezza wins face-off versus Mikhail Grabovski in Stars zone.
4:18 of 3rd period - Shot by Alexandre Burrows.
4:18 of 3rd period - Shot Misses the Net.
4:46 of 3rd period - Paul Martin is hit by Gabriel Landeskog and loses puck.
5:03 of 3rd period - Shot by Gabriel Landeskog.
5:03 of 3rd period - Stopped by Roberto Luongo with a rebound.
5:46 of 3rd period - Shot by Ville Leino.
5:46 of 3rd period - Stopped by Semyon Varlamov without a rebound.
5:47 of 3rd period - David Backes wins face-off versus Sean Monahan in Stars zone.
6:10 of 3rd period - Shot by Sam Gagner.
6:10 of 3rd period - Shot Misses the Net.
6:12 of 3rd period - Shot by Jamie McBain.
6:12 of 3rd period - Shot Misses the Net.
6:41 of 3rd period - Icing by Vyacheslav Voynov.
6:42 of 3rd period - David Backes wins face-off versus Erik Haula in Stars zone.
6:59 of 3rd period - Shot by Evgeni Malkin.
6:59 of 3rd period - Goal by Evgeni Malkin - Stars : 3 - RedWings : 1.
7:00 of 3rd period - Mikhail Grabovski wins face-off versus Jason Spezza in neutral zone.
7:51 of 3rd period - Mark Fraser is hit by Jarome Iginla and loses puck.
8:11 of 3rd period - Chris Summers is hit by Gabriel Landeskog and loses puck.
9:04 of 3rd period - David Backes is hit by Mark Fraser and loses puck.
9:09 of 3rd period - Shot by David Backes.
9:09 of 3rd period - Stopped by Roberto Luongo without a rebound.
9:10 of 3rd period - Mikhail Grabovski wins face-off versus David Backes in RedWings zone.
9:10 of 3rd period - Mikhail Grabovski is hit by David Backes.
9:16 of 3rd period - Vyacheslav Voynov is hit by Alexandre Burrows and loses puck.
9:17 of 3rd period - Vyacheslav Voynov from Stars is injured at 9:17 of 3rd period (Strained Right Elbow).
9:18 of 3rd period - Mikhail Grabovski wins face-off versus Jason Spezza in Stars zone.
9:37 of 3rd period - Shot by Mikhail Grabovski.
9:37 of 3rd period - Shot Misses the Net.
9:39 of 3rd period - Shot by Andrew Cogliano.
9:39 of 3rd period - Shot Misses the Net.
9:41 of 3rd period - Shot by Jamie McBain.
9:41 of 3rd period - Stopped by Semyon Varlamov without a rebound.
9:42 of 3rd period - Mikhail Grabovski wins face-off versus Evgeni Malkin in Stars zone.
10:38 of 3rd period - Minor Penalty to Jarome Iginla for Hooking.
10:39 of 3rd period - Sam Gagner wins face-off versus David Backes in Stars zone.
10:40 of 3rd period - Shot by Mark Fraser.
10:40 of 3rd period - Stopped by Semyon Varlamov with a rebound.
10:42 of 3rd period - Shot by Sam Gagner.
10:42 of 3rd period - Stopped by Semyon Varlamov without a rebound.
10:43 of 3rd period - David Backes wins face-off versus Sam Gagner in Stars zone.
10:43 of 3rd period - David Backes is hit by Tuomo Ruutu.
11:17 of 3rd period - Shot by Eric Brewer.
11:17 of 3rd period - Stopped by Semyon Varlamov without a rebound.
11:18 of 3rd period - Sean Monahan wins face-off versus David Backes in Stars zone.
11:27 of 3rd period - Shot by Jake Gardiner.
11:27 of 3rd period - Stopped by Semyon Varlamov with a rebound.
11:29 of 3rd period - Shot by Paul Martin.
11:29 of 3rd period - Shot Blocked by Zdeno Chara.
12:35 of 3rd period - Shot by Sam Gagner.
12:35 of 3rd period - Shot Blocked by Gabriel Landeskog.
13:09 of 3rd period - Shot by Eric Staal.
13:09 of 3rd period - Shot Misses the Net.
13:11 of 3rd period - Shot by Alec Martinez.
13:11 of 3rd period - Shot Blocked by Erik Haula.
13:13 of 3rd period - Shot by Alec Martinez.
13:13 of 3rd period - Shot Blocked by Hal Gill.
14:32 of 3rd period - Chris Summers is hit by Christopher Higgins and loses puck.
14:37 of 3rd period - Shot by Andy Greene.
14:37 of 3rd period - Shot Blocked by Loui Eriksson.
14:55 of 3rd period - Sean Bergenheim is hit by David Backes and loses puck.
15:48 of 3rd period - Shot by Erik Haula.
15:48 of 3rd period - Stopped by Semyon Varlamov without a rebound.
15:49 of 3rd period - Mikhail Grabovski wins face-off versus Evgeni Malkin in Stars zone.
16:06 of 3rd period - Shot by Gabriel Landeskog.
16:06 of 3rd period - Deflect By Evgeni Malkin.
16:06 of 3rd period - Goal by Evgeni Malkin - Stars : 4 - RedWings : 1.
16:07 of 3rd period - David Backes wins face-off versus Sean Monahan in neutral zone.
16:12 of 3rd period - Icing by Sean Bergenheim.
16:13 of 3rd period - Sean Monahan wins face-off versus Evgeni Malkin in RedWings zone.
16:24 of 3rd period - Shot by Sean Bergenheim.
16:24 of 3rd period - Shot Misses the Net.
16:25 of 3rd period - Minor Penalty to Zdeno Chara for Tripping.
16:26 of 3rd period - David Backes wins face-off versus Sean Monahan in Stars zone.
17:46 of 3rd period - Shot by Gabriel Landeskog.
17:46 of 3rd period - Shot Misses the Net.
17:48 of 3rd period - Shot by Gabriel Landeskog.
17:48 of 3rd period - Shot Misses the Net.
17:50 of 3rd period - Shot by Brenden Dillon.
17:50 of 3rd period - Shot Misses the Net.
17:52 of 3rd period - Shot by Brenden Dillon.
17:52 of 3rd period - Shot Hit the Post.
17:54 of 3rd period - Shot by Gabriel Landeskog.
17:54 of 3rd period - Goal by Gabriel Landeskog - Stars : 5 - RedWings : 1.
17:55 of 3rd period - Eric Staal wins face-off versus Sam Gagner in neutral zone.
18:18 of 3rd period - Icing by Sam Gagner.
18:19 of 3rd period - David Backes wins face-off versus Sam Gagner in RedWings zone.
18:19 of 3rd period - Shea Weber is hit by Mark Fraser and loses puck.
18:38 of 3rd period - Ville Leino is hit by John Erskine and loses puck.
18:41 of 3rd period - Shot by Erik Haula.
18:41 of 3rd period - Shot Misses the Net.
18:58 of 3rd period - Minor Penalty to Jamie McBain for Hooking.
18:59 of 3rd period - Andrew Cogliano wins face-off versus Evgeni Malkin in RedWings zone.
18:59 of 3rd period - Andrew Cogliano is hit by Brandon Dubinsky.
19:19 of 3rd period - Shot by Shea Weber.
19:19 of 3rd period - Shot Blocked by Eric Brewer.
19:21 of 3rd period - Shot by Shea Weber.
19:21 of 3rd period - Shot Misses the Net.
19:23 of 3rd period - Shot by Shea Weber.
19:23 of 3rd period - Stopped by Roberto Luongo without a rebound.
19:24 of 3rd period - Jason Spezza wins face-off versus Andrew Cogliano in RedWings zone.
19:45 of 3rd period - Shot by Jason Spezza.
19:45 of 3rd period - Stopped by Roberto Luongo without a rebound.
19:46 of 3rd period - Evgeni Malkin wins face-off versus Sam Gagner in RedWings zone.
Goals for this period are 3 for Stars vs 0 for RedWings.
Shots for this period are 10 for Stars vs 8 for RedWings.


Output by the SimonT Hockey Simulator (STHS) for Stephane Roy -- Original Page W3C XHTML 1.0 Valid
Hockey Simulator - Hockey Simulation - Hockey Manager